Map: Base du roi Sejong EC

Players

ThorIsHere - Winner!

  • Race: Terran Terran
  • Spawn Location: 5:00

zidar

  • Race: Zerg Zerg
  • League: Platinum
  • Spawn Location: 11:00

VOD

Have the link to the VOD?

Description

Time

  • Played on: Oct. 19, 2016, 2:51 p.m.
  • Length: 19:31
Show
View Real Time Build Order
Export as new Build Order

ThorIsHere Terran - Winner!

Build Orders: Command Center First (CC) 

Get SALT Encoding   

  12  0:00  SCV  
  13  0:13  SCV  
  14  0:23  Supply Depot  
  14  0:25  SCV  
  15  0:44  SCV  
  16  0:56  SCV  
  17  1:00  Engineering Bay  
  17  1:08  SCV  
  18  1:18  Command Center  
  18  1:21  SCV  
  19  1:33  SCV  
  19  1:37  Barracks  
  20  1:45  Refinery, SCV  
  21  1:50  Refinery  
  21  2:06  SCV, Engineering Bay  
  22  2:24  Marine, Orbital Command  
  23  2:40  Planetary Fortress  
  23  2:48  Marine  
  24  2:53  SCV  
  25  2:59  Hi-Sec Auto Tracking  
  25  3:05  Marine, SCV  
  26  3:12  Command Center  
  27  3:17  SCV  
  28  3:23  Marine  
  29  3:29  Supply Depot  
  29  3:36  SCV  
  29  3:40  Factory  
  30  3:52  Bunker  
  30  4:08  SCV x2  
  32  4:18  Missile Turret  
  32  4:20  SCV  
  32  4:22  Missile Turret  
  33  4:26  Neosteel Armor  
  33  4:34  SCV x2  
  33  4:38  Factory Tech Lab  
  35  4:42  Starport  
  35  4:46  Missile Turret, SCV x2  
  37  4:58  Planetary Fortress, SCV x2  
  39  5:04  Siege Tank  
  42  5:12  Missile Turret, SCV x2  
  42  5:13  Missile Turret  
  44  5:20  Refinery x2, Viking  
  46  5:24  SCV x2  
  48  5:36  SCV  
  48  5:42  SCV x2  
  51  5:43  Missile Turret  
  51  5:46  Liberator  
  51  5:49  Missile Turret, SCV  
  52  5:50  Factory Reactor  
  52  5:54  SCV  
  53  5:59  SCV  
  53  6:00  Corvid Reactor  
  53  6:01  SCV  
  58  6:06  Missile Turret, SCV  
  58  6:11  SCV  
  60  6:15  SCV  
  61  6:28  Supply Depot  
  61  6:30  Supply Depot  
  61  6:33  Starport  
  61  6:34  Starport  
  61  6:38  Missile Turret  
  61  6:43  Missile Turret  
  61  6:50  SCV x3  
  68  6:56  Supply Depot  
  68  6:57  Widow Mine x2  
  68  7:02  SCV x2  
  68  7:03  Refinery x2  
  68  7:07  Starport  
  70  7:09  Starport  
  70  7:11  Starport Tech Lab x2  
  70  7:13  Banshee  
  70  7:15  SCV x2  
  75  7:33  Raven  
  81  7:43  Widow Mine  
  81  7:44  Widow Mine  
  81  7:46  SCV x2  
  81  7:50  SCV  
  84  7:52  Command Center  
  84  7:53  Command Center  
  84  7:58  Liberator, SCV  
  85  8:02  Missile Turret x2  
  85  8:06  Starport Tech Lab x2  
  85  8:15  Raven, SCV, Supply Depot  
  85  8:16  Raven  
  93  8:24  Missile Turret  
  93  8:30  Explosive Shrapnel Shells  
  93  8:37  SCV x2  
  99  8:44  Widow Mine x2  
  99  8:45  Command Center  
  99  8:46  Missile Turret  
  99  8:52  Raven  
  99  8:53  Missile Turret  
  101  9:03  Raven  
  101  9:08  Planetary Fortress  
  103  9:28  Raven x2  
  107  9:33  SCV  
  107  9:34  SCV  
  107  9:35  Missile Turret x3  
  107  9:36  Missile Turret  
  109  9:41  Raven  
  109  9:45  Armory, Command Center  
  111  9:51  Planetary Fortress  
  111  9:52  Liberator  
  111  9:53  Command Center  
  111  9:57  Refinery x2  
  111  9:58  Planetary Fortress, Missile Turret  
  111  10:05  Missile Turret  
  111  10:11  SCV  
  115  10:17  Command Center, SCV x3  
  118  10:27  Raven x2  
  122  10:30  SCV  
  122  10:31  SCV  
  122  10:35  SCV x2  
  126  10:43  SCV x3  
  126  10:46  SCV  
  126  10:47  SCV  
  131  10:59  Raven x2  
  131  11:01  Command Center  
  135  11:05  Planetary Fortress  
  135  11:08  Missile Turret  
  135  11:10  Missile Turret  
  135  11:12  Raven  
  137  11:26  SCV x2  
  137  11:29  Raven  
  137  11:30  Command Center, Missile Turret  
  141  11:35  Missile Turret x2  
  141  11:37  Refinery, Missile Turret  
  141  11:38  Refinery  
  141  11:41  Missile Turret  
  141  11:49  Missile Turret  
  141  11:53  Raven x3  
  147  12:05  Raven  
  149  12:12  Raven  
  151  12:18  Liberator x2  
  151  12:19  Planetary Fortress  
  151  12:23  Command Center  
  151  12:31  Terran Vehicle And Ship Armor Level 1  
  151  12:33  Liberator x2  
  157  13:47  Raven x2  
  159  13:51  Missile Turret x2  
  159  13:53  Planetary Fortress, Missile Turret  
  159  13:57  SCV x2  
  159  13:58  SCV  
  159  13:59  SCV  
  163  14:19  Missile Turret  
  163  14:21  Raven x3  
  169  14:24  SCV x2  
  169  14:28  Orbital Command  
  169  14:30  Raven x2, Orbital Command  
  175  14:36  Command Center  
  175  14:41  Missile Turret  
  175  14:43  Missile Turret  
  175  14:44  Missile Turret  
  175  14:49  Terran Vehicle And Ship Armor Level 2  
  175  14:54  Command Center  
  175  14:59  Missile Turret  
  175  15:03  Raven, Missile Turret  
  175  15:04  Raven x2  
  175  15:06  Missile Turret  
  181  15:12  Raven  
  181  15:13  Raven  
  185  15:19  Missile Turret  
  185  15:24  Planetary Fortress  
  185  15:26  Refinery x2  
  185  15:29  Missile Turret  
  185  15:32  Missile Turret  
  185  15:33  Missile Turret  
  185  15:39  Missile Turret  
  185  15:46  Raven x2  
  185  15:47  Raven  
  185  15:55  Raven  
  181  16:14  Raven  
  183  16:29  Raven x3  
  183  16:32  Planetary Fortress  
  189  16:38  Raven  
  191  16:57  Raven  
  193  17:12  Raven x3  
  199  17:26  Missile Turret  
  199  17:27  SCV  
  199  17:29  Missile Turret  
  200  17:42  Orbital Command  
Show
View Real Time Build Order
Export as new Build Order

zidar Zerg 

Build Orders: Hatch First 

Get SALT Encoding   

  12  0:01  Drone  
  13  0:12  Overlord  
  13  0:16  Drone  
  14  0:31  Drone x2  
  16  1:08  Extractor  
  16  1:10  Hatchery  
  14  1:12  Drone  
  14  1:16  Drone  
  16  1:19  Spawning Pool  
  16  1:23  Drone  
  16  1:31  Drone  
  17  1:55  Drone  
  17  1:56  Drone  
  18  2:06  Queen  
  20  2:12  Metabolic Boost  
  20  2:20  Zergling x4  
  22  2:24  Queen  
  24  2:30  Drone  
  25  2:39  Roach Warren, Extractor  
  25  2:43  Drone x2  
  25  2:55  Drone  
  25  2:56  Drone x2  
  28  3:07  Overlord  
  28  3:09  Overlord  
  28  3:40  Drone x2  
  28  3:41  Drone  
  31  3:42  Drone  
  31  3:43  Drone x5  
  37  3:55  Overlord  
  37  3:56  Overlord  
  37  4:07  Overlord  
  37  4:16  Roach x2  
  37  4:17  Roach x2  
  45  4:26  Drone  
  45  4:30  Drone  
  45  4:31  Drone x2  
  49  4:51  Lair  
  49  4:53  Drone  
  49  4:55  Drone x3  
  49  4:58  Hatchery  
  52  5:01  Extractor  
  52  5:04  Extractor  
  50  5:19  Pneumatized Carapace  
  50  5:31  Drone x8  
  58  5:43  Evolution Chamber  
  58  5:46  Evolution Chamber  
  56  5:57  Spire  
  56  6:02  Queen  
  57  6:11  Zerg Ground Armor Level 1  
  57  6:13  Zerg Missile Weapons Level 1  
  57  6:16  Glial Reconstitution  
  57  6:25  Overlord x2  
  57  6:26  Overlord x2  
  57  6:34  Overlord x3  
  57  6:35  Overlord  
  57  6:43  Queen  
  59  7:00  Drone x14  
  73  7:16  Infestation Pit  
  73  7:18  Roach x10  
  73  7:22  Ravager x4  
  96  7:34  Overseer  
  96  7:41  Roach x8  
  112  7:45  Extractor  
  112  7:47  Extractor  
  110  8:01  Drone x2  
  110  8:03  Drone x2  
  114  8:06  Overlord x2  
  114  8:07  Overlord  
  114  8:10  Zerg Ground Armor Level 2, Hive  
  114  8:12  Zerg Melee Weapons Level 1  
  114  8:15  Zerg Flyer Armor Level 1  
  114  8:39  Ravager x6  
  120  8:54  Drone x6  
  127  8:55  Drone  
  127  8:56  Drone  
  128  9:29  Hatchery  
  127  9:34  Drone x3  
  130  9:49  Adrenal Glands  
  130  9:52  Zergling x16  
  138  9:56  Overlord x7  
  138  10:10  Greater Spire  
  138  10:11  Zerg Melee Weapons Level 2  
  138  10:25  Baneling Nest  
  137  10:28  Hatchery  
  136  10:54  Corruptor  
  136  10:55  Corruptor x3  
  136  10:56  Corruptor  
  136  10:57  Corruptor x3  
  144  10:58  Corruptor x4  
  160  11:32  Zerg Ground Armor Level 3  
  160  11:35  Zerg Flyer Armor Level 2  
  160  11:40  Brood Lord x2  
  160  11:41  Brood Lord x2  
  160  11:42  Brood Lord  
  168  11:53  Corruptor x2  
  171  12:29  Corruptor x3  
  173  12:30  Corruptor x3  
  183  12:53  Hatchery  
  183  12:54  Zergling x2  
  183  12:55  Zergling x16  
  103  13:45  Zergling x2  
  103  13:46  Zergling x38, Corruptor x2  
  103  13:47  Corruptor x3  
  103  13:48  Corruptor x4  
  118  13:49  Corruptor x2  
  118  13:50  Corruptor x2  
  132  14:38  Corruptor x3  
  132  14:39  Corruptor x4  
  146  14:55  Extractor x2  
  144  15:13  Drone x6  
  144  15:14  Drone x2  
  152  15:25  Brood Lord  
  152  15:26  Brood Lord  
  152  15:27  Brood Lord  
  158  15:29  Brood Lord  
  158  15:30  Brood Lord  
  60  16:14  Zergling x38  
  60  16:15  Zergling x28  
  86  16:27  Hydralisk Den  
  58  17:04  Hydralisk  
  58  17:05  Hydralisk x17  
  88  17:08  Overseer  
  82  17:25  Hydralisk x4  
  90  17:31  Hatchery  
  89  17:39  Hydralisk x2  
  93  18:02  Hydralisk x2  
  93  18:04  Hydralisk  
  99  18:20  Hatchery  
  61  19:03  Hydralisk x4  
  61  19:04  Hydralisk x2  
  71  19:16  Extractor  
Tags
 
Add a new tag
Caveats
  • Supply blocks, unpowered buildings, or Contaminate may cause inaccurate times.
  • Supply counts are checked every 10 seconds.